 Dungeon Crawl Stone Soup version 0.20-a0-466-gc52d0eb (webtiles) character file.

282 AMagicalLamp the Chopper (level 6, -7/44 HPs)
             Began as a Demonspawn Gladiator on Jan 13, 2017.
             Mangled by Edmund
             ... wielding a +1 dire flail of holy wrath
              (10 damage)
             ... on level 4 of the Dungeon.
             The game lasted 00:08:14 (2896 turns).

AMagicalLamp the Chopper (Demonspawn Gladiator)     Turns: 2896, Time: 00:08:15

Health: -7/44      AC:  6    Str: 16    XL:     6   Next: 6%
Magic:  6/6        EV: 11    Int: 10    God:
Gold:   184        SH:  0    Dex: 14    Spells: 4/5 levels left

rFire  + . .     SeeInvis .     a - +1 war axe
rCold  . . .     Gourm    .     y - +0 ring mail
rNeg   . . .     Faith    .     (no shield)
rPois  .         Spirit   .     c - +0 helmet
rElec  .         Reflect  .     (no cloak)
rCorr  .         Harm     .     (no gloves)
MR     .....                    (no boots)
Stlth  ..........               (no amulet)
                                (no ring)
                                m - ring of protection from fire

@: about to teleport
A: hooves 2, powered by death 1
a: no special abilities


You were on level 4 of the Dungeon.
You were not hungry.

You visited 1 branch of the dungeon, and saw 4 of its levels.

You collected 184 gold pieces.


Innate Abilities, Weirdness & Mutations

You have hoof-like feet.
You regenerate a little health from kills.


   Skills:
 - Level 2.0 Fighting
 + Level 6.2 Axes
 - Level 1.7 Throwing
 - Level 2.6 Dodging


You had 4 spell levels left.
You knew the following spells:

 Your Spells              Type           Power        Failure   Level  Hunger
a - Apportation           Tloc           #.........   75%         1    ##.....


Dungeon Overview and Level Annotations

Branches:
Dungeon (4/15)
 Temple: D:4-7

Altars:
Vehumet

Annotations:
D:4 Edmund

Inventory:

Hand Weapons
 a - a +1 war axe (weapon)
Missiles
 d - a throwing net (quivered)
Armour
 c - a +0 helmet (worn)
 y - a +0 ring mail (worn)
Jewellery
 m - a ring of protection from fire (left hand)
Wands
 p - a wand of random effects (15/48)
 t - a wand of acid (6/15)
Scrolls
 g - 4 scrolls of identify {@r9}
Potions
 i - a potion of magic
 k - 2 potions of curing {@q1}
 n - a potion of flight
 o - a potion of might
 q - a potion of agility {unknown}
 w - a potion of berserk rage
Books
 r - a book of Cantrips
Comestibles
 f - 3 bread rations
 h - 8 fruits
 s - a beef jerky
 v - a slice of pizza
 z - a meat ration

#.............
######.##....
#.##.#...
######(.......
#....o)##.....
#######.####.#
#.##
#.#.....o...##.#
#
.......@#.#.##.#
#.#.###@#.#.##.#
#.#.. ...#
#.###.#### #.#
.# ..# # .## .
#.


You could see Edmund and an orc.


Message History

Tha adder skeleton bites ye.
Tha adder skeleton closely misses ye.
Ye slash tha adder skeleton!
Ye destroy tha adder skeleton!
Nay target in view!
HP restored.
Eatin' 'un o' 3 chunks o' flesh {@w1}.
Ye eat 'un o' tha 3 chunks o' flesh {@w1}.
Ye be feelin' hungry.
All o' tha chunks o' flesh in yer inventory haf rotted away.
An ogre an' Edmund come inta view.
Edmund be wieldin' a dire flail o' holy wrath.
Edmund shouts!
Tha ogre shouts!
Edmund moves outta view.
Throwin' (i - inventory):
d - 2 throwin' nets (quiv'red)
Aim: an ogre, wieldin' a giant spiked club Ye throw a throwin' net.
Tha throwin' net hits tha ogre.
Tha ogre be caught in tha net!
Ye hit tha ogre.
Ye kick tha ogre, but do nay damage.
Tha ogre be lightly wounded.
Tha ogre struggles against tha net. x2
Ye slash tha ogre!
Ye kick tha ogre, but do nay damage.
Tha ogre be heavily wounded.
Tha ogre struggles against tha net.
Ye strike tha helpless ogre from behind!
Ye hit tha ogre.
Tha ogre be severely wounded.
Tha ogre struggles against tha net.
An orc comes inta view.
It be wieldin' a dagger.
Tha orc shouts!
Ye slash tha ogre!
Ye kill tha ogre!
Yer Axes skill increases ta level 6!
Ye haf reached level 6!
Yer 'sperience leads ta an increase in yer attributes!
Increase (S)tr'ngth, (I)ntelligence, or (D)'sterity?
Ye feel stronger.
Yer demonic ancestry asserts itself...
Yer feet thick'n an' deform.
Ye slash Edmund!
Edmund hits ye wit' a dire flail o' holy wrath!
Ye convulse.
Ye hit Edmund.
Edmund be moderately wounded.
Tha orc throws a tomahawk.
Tha tomahawk hits ye.
Edmund barely misses ye.
Tha orc throws a tomahawk.
Tha tomahawk hits ye but does nay damage.
Ye barely miss Edmund.
Edmund be moderately wounded.
Edmund hits ye wit' a dire flail o' holy wrath.
Ye convulse.
Ye barely miss Edmund.
Ye kick Edmund, but do nay damage.
Edmund be moderately wounded.
Edmund barely misses ye.
Tha orc throws a tomahawk.
Tha tomahawk hits ye.
* * * LOW HITPOINT WARNIN'
* * * Unknown command.
Edmund hits ye wit' a dire flail o' holy wrath.
* * * LOW HITPOINT WARNIN'
* * * Ye convulse.
* * * LOW HITPOINT WARNIN'
* * * As ye read tha scroll labeled GUESTY RUOCOA, it crumbles ta dust.
It be a scroll o' enchant weapon.
Yer +0 war axe glows red fer a momn't.
Edmund hits ye wit' a dire flail o' holy wrath.
* * * LOW HITPOINT WARNIN'
* * * Ye convulse.
* * * LOW HITPOINT WARNIN'
* * * Unknown command.
As ye read tha scroll labeled HOMIORPH UFAINE, it crumbles ta dust.
Ye feel strangely unst'ble.
It was a scroll o' teleportation.
Edmund hits ye wit' a dire flail o' holy wrath!
Ye die...

Action                   |  1- 3 |  4- 6 || total
-------------------------+-------+-------++-------
Melee: War axe           |   100 |   114 ||   214
       Kick              |       |    18 ||    18
Throw: Throwing net      |     1 |     3 ||     4
  Use: Scroll            |       |     7 ||     7
 Stab: Sleeping          |     1 |       ||     1
       Held in net/web   |     3 |     1 ||     4
  Eat: Chunk             |     1 |     6 ||     7
Armor: Leather armour    |    33 |    17 ||    50
       Ring mail         |       |     1 ||     1
Dodge: Dodged            |    60 |    66 ||   126

Vault maps used:
D:1:      mushboom_english_gardens
D:2:      lemuel_round_altar, chequers_ecumenical_altar_island, first_bread,
          eino_tiny_chamber, uniq_iyjb
D:4:      uniq_blork_the_orc, uniq_crazy_yiuf_cottage, uniq_edmund

Notes
Turn   | Place    | Note
-------+----------+-------------------------------------------
     0 | D:1      | AMagicalLamp the Demonspawn Gladiator began the quest for the Orb.
     0 | D:1      | Reached XP level 1. HP: 16/16 MP: 1/1
   194 | D:1      | Reached skill level 3 in Axes
   421 | D:1      | Gained mutation: You regenerate a little health from kills. [demonic ancestry]
   421 | D:1      | Reached XP level 2. HP: 19/22 MP: 2/2
   981 | D:2      | Reached XP level 3. HP: 13/27 MP: 3/3
  1096 | D:2      | Noticed Ijyb
  1113 | D:2      | Killed Ijyb
  1113 | D:2      | Reached skill level 4 in Axes
  1209 | D:2      | Learned a level 1 spell: Apportation
  1247 | D:2      | Found a radiant altar of Vehumet.
  1307 | D:2      | Gained mutation: You have large cloven feet. [demonic ancestry]
  1307 | D:2      | Reached XP level 4. HP: 27/33 MP: 4/4
  1454 | D:2      | Found a faded altar of an unknown god.
  1920 | D:3      | Noticed Mulkerokala's ghost (amateur HuHu)
  2163 | D:3      | Killed Mulkerokala's ghost
  2163 | D:3      | Reached skill level 5 in Axes
  2163 | D:3      | Reached XP level 5. HP: 24/38 MP: 5/5
  2875 | D:4      | Noticed Edmund
  2875 | D:4      | Noticed an ogre
  2883 | D:4      | Killed an ogre
  2883 | D:4      | Reached skill level 6 in Axes
  2883 | D:4      | Gained mutation: You have hoof-like feet. [demonic ancestry]
  2883 | D:4      | Reached XP level 6. HP: 44/44 MP: 6/6
  2889 | D:4      | HP: 11/44 [Edmund/dire flail of holy wrath (4)]
  2893 | D:4      | HP: 3/44 [Edmund/dire flail of holy wrath (3)]
  2896 | D:4      | Mangled by Edmund

Vanquished Creatures
  The ghost of Mulkerokala the Chucker, an amateur HuHu of Zin (D:3)
  An ogre (D:4)
  Ijyb (D:2)
  An adder (D:3)
  An ooze (D:2)
  An adder skeleton (D:4)
  4 worms
  4 leopard geckos
  An orc (D:3)
  4 bats
  2 giant cockroaches
  6 goblins
  7 hobgoblins
  4 jackals (D:3)
  12 kobolds
  A quokka (D:2)
  2 ball pythons
  6 frilled lizards
  A leopard gecko skeleton (D:4)
  4 rats
64 creatures vanquished.
